 Dungeon Crawl Stone Soup version 0.23-a0-635-g88ca12a (webtiles) character file.

13 RonnieColeman the Conjurer (level 2, 0/15 HPs)
             Began as a Deep Elf Conjurer on Dec 27, 2018.
             Slain by a kobold
             ... wielding a +0 dagger
              (2 damage)
             ... on level 1 of the Dungeon.
             The game lasted 00:01:23 (484 turns).

RonnieColeman the Conjurer (Deep Elf Conjurer)       Turns: 484, Time: 00:01:23

Health: 0/15       AC:  3    Str:  5    XL:     2   Next: 24%
Magic:  7/8        EV: 13    Int: 19    God:
Gold:   35         SH:  0    Dex: 15    Spells: 6/7 levels left

rFire    . . .     SeeInvis .   i - +2 mace (holy)
rCold    . . .     Gourm    .   (no shield)
rNeg     . . .     Faith    .   a - +0 robe
rPois    .         Spirit   .   (no helmet)
rElec    .         Reflect  .   (no cloak)
rCorr    .         Harm     .   j - +0 pair of gloves
MR       .....                  (no boots)
Stlth    ++........             (no amulet)
HPRegen  0.05/turn              (no ring)
MPRegen  0.11/turn              (no ring)

@: no status effects
A: no striking features
a: no special abilities


You were on level 1 of the Dungeon.
You were not hungry.

You visited 1 branch of the dungeon, and saw 1 of its levels.

You collected 35 gold pieces.

Inventory:

Hand Weapons
 h - a +0 spear
 i - a +2 mace of holy wrath (weapon)
Armour
 a - a +0 robe (worn)
 f - a +2 leather armour of cold resistance
 j - a +0 pair of gloves (worn)
Scrolls
 b - 2 scrolls of teleportation {unknown}
 d - a scroll of identify {unknown}
 g - a scroll of blinking {unknown}
Potions
 e - a potion of magic {unknown}
Comestibles
 c - a ration


   Skills:
 - Level 2.4 Dodging
 - Level 2.4 Stealth
 + Level 3.4 Spellcasting
 * Level 4.8 Conjurations


You had 6 spell levels left.
You knew the following spells:

 Your Spells              Type           Power        Failure   Level  Hunger
a - Magic Dart            Conj           ###.         1%          1    None

Your spell library contained the following spells:

 Spells                   Type           Power        Failure   Level  Hunger
 Searing Ray              Conj           ###...       3%          2    ##.....
 Dazzling Spray           Conj/Hex       ##....       16%         3    ###....
 Iskenderun's Mystic Bla  Conj           ###.....     21%         4    ####...
 Force Lance              Conj/Tloc      ##......     47%         4    ####...
 Fulminant Prism          Conj/Hex       ##........   47%         4    ####...


Dungeon Overview and Level Annotations

Branches:
Dungeon (1/15)

Altars:


Message History

A kobold comes into view.
It is wielding a +2 dagger of electrocution.
A kobold is nearby!
A kobold comes into view. It is wielding a +0 dagger.
The kobold shouts!
The kobold shouts!
The kobold hits you but does no damage.
You are electrocuted!
Ouch! That really hurt!
* * * LOW HITPOINT WARNING * * *
You are too injured to fight recklessly!
You are too injured to fight recklessly!
You are too injured to fight recklessly!
Casting: Magic Dart (safe; 1% risk of failure)
Confirm with . or Enter, or press ? or * to list all spells.
Aiming: Magic Dart (safe; 1% risk of failure)
Press: ? - help, Shift-Dir - straight line, f - kobold
Aim: a kobold, wielding a +0 dagger The magic dart hits the kobold.
The kobold is heavily wounded.
The kobold closely misses you. The kobold hits you with a +0 dagger.
You die...

######....#
#.# +.<..#
#.# #....#
#.# #....#
#.. #....#
## # ###
#....#
###.#.##
..# #......
....#.# #.#
#......#
#KK.# #.#
####
#####.##
#@# ###.#
...## ##
#.# #....
...'## #.#
#.#.#
.>.#.# #.#
#.#.#
...#'####
#.###
#.###.#.#
...#....#
#...#
#.......#
...#....#
###.#
#####.###
...######
#.# ##.##.#
##.....##
### #.#
##...#.#


You could see 2 kobolds.

Vanquished Creatures
  A dart slug (D:1)
  A giant cockroach (D:1)
  A goblin (D:1)
  2 hobgoblins (D:1)
  A ball python (D:1)
  A frilled lizard (D:1)
  A kobold (D:1)
  4 rats (D:1)
12 creatures vanquished.

Notes
Turn   | Place    | Note
-------+----------+-------------------------------------------
     0 | D:1      | RonnieColeman the Deep Elf Conjurer began the quest for the
                  | Orb.
     0 | D:1      | Reached XP level 1. HP: 10/10 MP: 6/6
   400 | D:1      | Reached XP level 2. HP: 15/15 MP: 2/8
   484 | D:1      | Slain by a kobold

Vault maps used:
D:1:      dpeg_arrival_connections, feat_on_display

Action                   || total
-------------------------++-------
Melee: Spear             ||    18
       Unarmed           ||     4
 Cast: Magic Dart        ||    19
 Stab: Sleeping          ||     1
Dodge: Dodged            ||    19

Table legend:
 A = Non-vault XP
 B = Vault XP
 C = Vault XP percentage of total XP
 D = Non-vault monster count
 E = Vault monster count
 F = Vault count percentage of total count
                 A         B        C        D         E       F
            +---------+---------+-------+---------+---------+-------
      Total |      19 |       0 |   0.0 |      12 |       0 |   0.0
            +---------+---------+-------+---------+---------+-------
        D:1 |      19 |       0 |   0.0 |      12 |       0 |   0.0
            +---------+---------+-------+---------+---------+-------
